 Dungeon Crawl Stone Soup version 0.29-a0-317-gd16b76e6b1 (webtiles) character file.

Game seed: 13153745020925469852

3221 Gwenloh the Marksspriggan (level 9, -1/36 HPs)
             Began as a Spriggan Arcane Marksman on Mar 31, 2022.
             Was a Follower of Hepliaklqana.
             Slain by a sixfirhy (10 damage)
             ... summoned by an obsidian statue
             ... on level 8 of the Dungeon.
             The game lasted 00:31:25 (10795 turns).

Gwenloh the Marksspriggan (SpAM)                   Turns: 10795, Time: 00:31:26

Health: -1/36      AC:  3    Str:  6    XL:     9   Next: 66%
Magic:  10/13      EV: 21    Int: 17    God:    Hepliaklqana [*.....]
Gold:   452        SH:  0    Dex: 17    Spells: 3/10 levels left

rFire   . . .      SeeInvis +   a - +0 shortbow
rCold   . . .      Faith    .   (shield currently unavailable)
rNeg    . . .      Spirit   .   i - +0 robe
rPois   .          Reflect  .   (helmet restricted)
rElec   .          Harm     .   p - +0 cloak
rCorr   .          Rampage  .   (gloves unavailable)
Will    +....                   (boots unavailable)
Stlth   ++........              (no amulet)
HPRegen 0.12/turn               l - ring of wizardry
MPRegen 0.13/turn               r - +4 ring of evasion

@: very quick
A: reduced essence, very small, no large weapons, unfitting armour, see
invisible, speed 3
a: Renounce Religion, Recall Ancestor, Ancestor Identity


You were on level 8 of the Dungeon.
You worshipped Hepliaklqana.
Hepliaklqana was aware of your devotion.
You visited 2 branches of the dungeon, and saw 9 of its levels.

You collected 452 gold pieces.

Inventory:

Hand Weapons
 a - a +0 shortbow (weapon)
 b - a +0 short sword of speed
Armour
 i - a +0 robe (worn)
 p - a +0 cloak (worn)
Jewellery
 l - a ring of wizardry (left hand)
 r - a +4 ring of evasion (right hand)
 u - a ring of willpower
Wands
 k - a wand of iceblast (17)
 y - a wand of mindburst (7)
 z - a wand of charming (4)
Scrolls
 c - a scroll of vulnerability
 e - a scroll of immolation
 f - 2 scrolls of amnesia
 g - 3 scrolls of teleportation
 j - a scroll of noise {unknown}
 s - 3 scrolls of enchant armour {unknown}
 t - a scroll of holy word {unknown}
 x - a scroll of enchant weapon {unknown}
Potions
 d - 2 potions of heal wounds {unknown}
 h - a potion of brilliance {unknown}
 m - 2 potions of flight {unknown}
 n - 2 potions of haste {unknown}
 o - 8 potions of curing
 q - 3 potions of cancellation
 v - a potion of invisibility {unknown}
 w - 3 potions of degeneration {unknown}


   Skills:
 - Level 0.7 Fighting
 * Level 15.3 Bows
 - Level 2.6 Dodging
 - Level 1.3 Spellcasting
 - Level 3.6 Hexes
 + Level 4.1 Invocations


You had 3 spell levels left.
You knew the following spells:

 Your Spells              Type           Power      Damage    Failure   Level
a - Slow                  Hex            52%        N/A       1%          1
b - Inner Flame           Hex/Fire       7%         N/A       12%         3
c - Portal Projectile     Hex/Tloc       14%        N/A       12%         3

Your spell library contained the following spells:

 Spells                   Type           Power      Damage    Failure   Level
 Tukima's Dance           Hex            13%        N/A       6%          3
 Call Canine Familiar     Summ           1%         N/A       24%         3
 Cause Fear               Hex            6%         N/A       19%         4
 Anguish                  Hex/Necr       3%         N/A       36%         4
 Leda's Liquefaction      Hex/Erth       3%         N/A       36%         4
 Enfeeble                 Hex            6%         N/A       100%        7


Dungeon Overview and Level Annotations

Branches:
Dungeon (8/15)             Temple (1/1) D:7
   Lair: D:8-11

Altars:
Ashenzari
Cheibriados
Elyvilon
Fedhas
Gozag
Hepliaklqana
Makhleb
Nemelex Xobeh
Qazlal
Ru
Sif Muna
Trog
Wu Jian
Xom
Yredelemnul
Zin

Shops:
D:1 =

Annotations:
D:4 earlgrey's ghost, amateur OgBe
D:8 exclusions: ice statue and obsidian statue


Innate Abilities, Weirdness & Mutations

Your life essence is reduced to manifest your ancestor. (-10% HP)
You are very small and have problems with some larger weapons.
You are too small for most types of armour.
You have supernaturally acute eyesight. (SInv)
You cover ground extremely quickly. (Speed+++)


Message History

You swap places.
Casting: Portal Projectile (quite dangerous; 12% risk of failure)
Confirm with . or Enter, or press ? or * to list all spells.
The spell is quite dangerous to miscast (12% risk of failure)!
Continue anyway?
Aiming: Inner Flame (quite dangerous; 12% risk of failure)
Press: ? - help, Dir - move target, f - Ælfthryth
Aim: Ælfthryth the ancestor (friendly, chance to affect: 55%) Really attack your ally Ælfthryth? Ælfthryth avoids your attack.
Nothing appears to happen.
What are your orders? t - Shout!
Orders for allies: a - Attack new target. p - Attack previous target. r - Retreat! s - Stop attacking. g - Guard the area. f - Follow me.
Anything else - Cancel.
Gang up on whom?
Press: ? - help, Dir - move target, f - sixfirhy, p - Ælfthryth
Aim: a sixfirhy (summoned) Attack!
The sixfirhy misses you. The sixfirhy attacks as you move away!
The sixfirhy misses you. Ælfthryth hits the sixfirhy. Ælfthryth hits the sixfirhy!
Casting: Inner Flame (quite dangerous; 12% risk of failure)
Confirm with . or Enter, or press ? or * to list all spells.
Aiming: Slow (safe; 1% risk of failure)
Press: ? - help, Shift-Dir - straight line, f/p - sixfirhy
Aim: a sixfirhy (moderately wounded, summoned, ally target, chance to affect: 19%)
The sixfirhy resists with almost no effort.
The sixfirhy completely misses you. The sixfirhy closely misses you.
The sixfirhy misses you.
You shoot an arrow.
The arrow barely misses the sixfirhy. Ælfthryth avoids your attack.
You shoot an arrow.
The arrow hits the sixfirhy but does no damage.
The sixfirhy is lightly wounded.
The sixfirhy hits you! The sixfirhy shocks you! The sixfirhy hits you!
* * * LOW HITPOINT WARNING * * *
The sixfirhy shocks you!
You die...

#######..............## ....#....
.##..#.<........4....# 8. #....
.##.R...<[...........## . ###..
....##.##.......R.....## ##..
...R####...............## ####...
....#..###..............###......
........#.......................)
..##............3.......>..##....
................@......(..##.....
..#.##....................#......
..#####.##..............#........
### ###...............#........
###.............#........
###....................
##.......###....##....
#........##.....####..
#...........[...## ##.


You could see the friendly Ælfthryth the ancestor, an ice devil (summoned) and a
sixfirhy (summoned, ally target).

Vanquished Creatures
  A two-headed ogre (D:8)
  A hornet (D:6)
  Prince Ribbit (D:7)
  A wyvern (D:7)
  A water moccasin (D:8)
  An orc warrior (D:8)
  2 sky beasts
  2 black bears
  An ogre (D:6)
  2 centaurs
  2 bullfrogs (D:7)
  A scorpion (D:5)
  A necrophage (D:5)
  5 wights (D:8)
  A howler monkey (D:6)
  A jelly (D:6)
  4 orc priests
  3 hounds
  A bullfrog skeleton (D:4)
  An iguana (D:4)
  Terence (D:2)
  5 orc wizards
  Robin (D:2)
  3 gnolls
  7 adders
  A river rat (D:6)
  2 shadow imps
  A white imp (D:6)
  An ufetubus (D:6)
  3 worms
  A dart slug (D:4)
  38 orcs
  12 endoplasms
  2 giant cockroaches
  13 goblins
  4 hobgoblins
  6 jackals
  3 kobolds
  4 quokkas
  10 ball pythons
  5 bats
  7 frilled lizards
  11 rats
174 creatures vanquished.

Vanquished Creatures (others)
  3 ancestors (D:8)
3 creatures vanquished.

Grand Total: 177 creatures vanquished

Notes
Turn   | Place    | Note
-------+----------+-------------------------------------------
     0 | D:1      | Gwenloh the Spriggan Arcane Marksman began the quest for
                  | the Orb.
     0 | D:1      | Reached XP level 1. HP: 9/9 MP: 3/3
   148 | D:1      | Found Izuoc's Jewellery Boutique.
   263 | D:1      | Reached skill level 3 in Bows
   299 | D:1      | Reached XP level 2. HP: 14/14 MP: 5/5
   821 | D:1      | Found a faded altar of an unknown god.
   827 | D:1      | Reached skill level 4 in Bows
  1147 | D:1      | Reached XP level 3. HP: 17/17 MP: 6/6
  1813 | D:2      | Reached skill level 5 in Bows
  2111 | D:2      | Noticed Robin
  2112 | D:2      | Reached XP level 4. HP: 21/21 MP: 7/7
  2129 | D:2      | Killed Robin
  2663 | D:2      | Reached skill level 6 in Bows
  2828 | D:3      | Noticed Terence
  2868 | D:2      | Killed Terence
  2989 | D:3      | Reached XP level 5. HP: 25/25 MP: 8/8
  3021 | D:3      | Learned a level 3 spell: Inner Flame
  3726 | D:3      | Reached skill level 7 in Bows
  4214 | D:4      | Found a transporter.
  4238 | D:4      | Found a transporter.
  4242 | D:4      | Noticed earlgrey's ghost (amateur OgBe)
  4248 | D:4      | Reached XP level 6. HP: 29/29 MP: 9/9
  4671 | D:4      | Reached skill level 8 in Bows
  5016 | D:5      | Entered Level 5 of the Dungeon
  5319 | D:5      | Learned a level 3 spell: Portal Projectile
  5587 | D:5      | Reached skill level 9 in Bows
  5587 | D:5      | Reached XP level 7. HP: 32/32 MP: 4/10
  6243 | D:6      | Reached skill level 10 in Bows
  6382 | D:6      | Reached skill level 11 in Bows
  7592 | D:6      | Reached XP level 8. HP: 8/37 MP: 6/11
  8114 | D:7      | Noticed Prince Ribbit
  8146 | D:7      | Killed Prince Ribbit
  8147 | D:7      | Reached skill level 12 in Bows
  8606 | D:7      | Noticed a hornet
  8758 | D:6      | Killed a hornet
  8759 | D:6      | Reached skill level 13 in Bows
  9022 | D:7      | Found a staircase to the Ecumenical Temple.
  9030 | Temple   | Entered the Ecumenical Temple
  9235 | Temple   | Became a worshipper of Hepliaklqana the Forgotten
  9372 | D:7      | Reached skill level 1 in Invocations
  9372 | D:7      | Reached XP level 9. HP: 39/40 MP: 12/12
  9423 | D:8      | Reached skill level 14 in Bows
  9589 | D:8      | Noticed a two-headed ogre
  9851 | D:8      | Reached * piety under Hepliaklqana
  9934 | D:8      | Noticed an ice statue
 10159 | D:8      | Killed a two-headed ogre
 10160 | D:8      | Reached skill level 15 in Bows
 10212 | D:8      | Noticed an obsidian statue
 10224 | D:8      | Noticed a rust devil
 10229 | D:8      | Noticed a hellwing
 10294 | D:8      | Noticed an ice devil
 10294 | D:8      | Noticed a sixfirhy
 10782 | D:8      | Noticed a sixfirhy
 10786 | D:8      | Noticed an ice devil
 10795 | D:8      | Slain by a sixfirhy

Illustrated notes

Levels and vault maps discovered:
D:1:      mainiacjoe_arrival_reflecting_pool, layout_basic,
          hellmonk_ecumenical_altar_slurped_away, serial_shops, shop_statue,
          minmay_pentomino_u2
D:2:      layout_basic, minivault_14, minmay_misc_feat_hallway, uniq_robin
D:3:      layout_loops_ring, st_stairs_4, kennysheep_generic_room_4,
          uniq_terence
D:4:      layout_basic, gammafunk_ghost_mausoleum
D:5:      layout_cave_pools, minmay_misc_feat_secret_circle
D:6:      layout_basic, portal_sewer_entry_b
D:7:      layout_basic, minmay_temple_entry_overgrown, dk_rats_in_the_wall,
          uniq_prince_ribbit1
D:8:      minmay_separated_statues, layout_cave_pools
Temple:   regret_index_temple_sphere_string

Skill      XL: |  1  2  3  4  5  6  7  8  9 |
---------------+----------------------------+-----
Bows           | 3 4 5 6 7 9 11 13 15 | 15.3
Invocations    | 1 4 |  4.1
Fighting       | |  0.7
Dodging        | |  2.6
Spellcasting   | |  1.3
Hexes          | |  3.6

Action                   |  1- 3 |  4- 6 |  7- 9 || total
-------------------------+-------+-------+-------++-------
 Fire: Shortbow          |   122 |   277 |   373 ||   772
 Cast: Slow              |     9 |    26 |    20 ||    55
       Portal Projectile |       |     2 |     8 ||    10
       Inner Flame       |       |     1 |     6 ||     7
Evoke: Wand              |       |       |     1 ||     1
  Use: Scroll            |       |     4 |     1 ||     5
       Potion            |       |       |     3 ||     3
Armor: Robe              |     3 |     3 |     3 ||     9
Dodge: Dodged            |    45 |    68 |    83 ||   196

Table legend: (Time is in decaauts)
 A = Elapsed time spent in this place.
 B = Non-inter-level travel time spent in this place.
 C = Inter-level travel time spent in this place.
 D = Time resting spent in this place.
 E = Time spent auto-exploring this place.
 F = Levels seen in this place.
 G = Mean time per level.
                   A        B        C        D        E       F      G
               +--------+--------+--------+--------+--------+-----+--------+
         Total |   8256 |   7894 |    362 |   1284 |   4896 |   9 |  917.3 |
       Dungeon |   8115 |   7803 |    312 |   1284 |   4815 |   8 | 1014.4 |
        Temple |    141 |     92 |     49 |      0 |     81 |   1 |  141.0 |
               +--------+--------+--------+--------+--------+-----+--------+

Top non-repeatable levels by time:
     D:6: 1402 daAuts
     D:7: 1150 daAuts
     D:5: 1108 daAuts
     D:2: 1103 daAuts
     D:1: 1003 daAuts
     D:3: 853 daAuts
     D:4: 767 daAuts
     D:8: 726 daAuts
  Temple: 141 daAuts
